Map: Inside and Out

Players

dsong

  • Race: Protoss Protoss
  • League: Diamond
  • Spawn Location: 7:00

DankCraft - Winner!

  • Race: Protoss Protoss
  • Spawn Location: 1:00

VOD

Have the link to the VOD?

Description

Time

  • Played on: Nov. 30, 2022, 1:27 p.m.
  • Length: 2:15
Show
View Real Time Build Order
Export as new Build Order

dsong Protoss 

Build Orders:  

Get SALT Encoding   

  12  0:00  Probe  
  13  0:12  Probe  
  14  0:20  Pylon  
  14  0:24  Probe  
  15  0:38  Probe  
  15  0:40  Forge  
  16  0:54  Pylon  
  16  0:57  Pylon  
  16  1:14  Photon Cannon  
  16  1:23  Photon Cannon  
  16  1:25  Gateway  
  16  1:27  Probe (Chrono Boost)  
  17  1:36  Probe (Chrono Boost)  
Show
View Real Time Build Order
Export as new Build Order

DankCraft Protoss - Winner!

Build Orders:  

Get SALT Encoding   

  12  0:02  Probe  
  13  0:14  Probe  
  14  0:25  Pylon  
  14  0:26  Probe  
  15  0:43  Probe  
  15  0:45  Forge  
  16  0:50  Gateway  
  16  1:13  Assimilator  
  16  1:16  Assimilator  
  16  1:19  Photon Cannon  
  16  1:29  Pylon  
  16  1:40  Pylon  
  16  1:44  Assimilator  
  16  1:47  Assimilator, Probe (Chrono Boost)  
  17  2:01  Cybernetics Core  
Tags
 
League
Diamond
Matchup
PvP
Spawn Locations
Cross Positions
Add a new tag
Caveats
  • Supply blocks, unpowered buildings, or Contaminate may cause inaccurate times.
  • Supply counts are checked every 10 seconds.